 Dungeon Sprint DCSS version 0.18.1-50-g88ac8fd (webtiles) character file.

1016 Kagutsuchi the Fighter (level 8, -2/82 HPs)
             Began as a Purple Draconian Berserker on Oct 22, 2016.
             Was an Elder of Trog.
             Slain by a polar bear (14 damage)
             ... in the Dungeon (Sprint II: "The Violet Keep of Menkaure").
             The game lasted 00:04:11 (627 turns).

Kagutsuchi the Fighter (Purple Draconian Berserker)  Turns: 627, Time: 00:04:11

Health: -2/82      AC:  6    Str: 20    XL:     8   Next: 1%
Magic:  8/8        EV: 17    Int:  8    God:    Trog [****..]
Gold:   5          SH:  0    Dex: 12    Spells: 0 memorised, 7 levels left

rFire  . . .     SeeInvis .     b - +2 morningstar (holy)
rCold  . . .     Gourm    .     (armour unavailable)
rNeg   . . .     Faith    .     (no shield)
rPois  .         Spirit   .     (helmet restricted)
rElec  .         Dismiss  .     (no cloak)
rCorr  .         Reflect  .     (no gloves)
SustAt .         Harm     .     (no boots)
MR     +....     Rnd*Rage +     (no amulet)
Stlth  +......... NoTele   +    (no ring)
                                (no ring)

@: exhausted, slowed, very slow, somewhat resistant to hostile enchantments,
very unstealthy
A: breathe power, unfitting armour, big wings, berserk 1, blurry vision 1,
mutation resistance 1, cold-blooded, AC +6
a: Breathe Dispelling Energy, Fly, Berserk, Trog's Hand, Brothers in Arms, Burn
Spellbooks, Renounce Religion


You were in the Dungeon.
You worshipped Trog.
Trog was greatly pleased with you.
You were not hungry.

You visited 1 branch You collected 729 gold pieces.
You spent 724 gold pieces at shops.

Inventory:

Hand Weapons
 a - a +0 falchion
 b - a +2 morningstar of holy wrath (weapon)
Scrolls
 h - a scroll of blinking
Potions
 c - 3 potions of curing
 d - a potion of heal wounds
 e - a potion of haste
 f - 2 potions of magic
 g - a potion of berserk rage
 m - a potion of resistance {unknown}
Comestibles
 i - a beef jerky
 j - 2 meat rations
 k - a bread ration
 l - a slice of pizza


   Skills:
 + Level 11.3 Fighting
 + Level 9.9 Long Blades
 + Level 1.1 Maces & Flails
 + Level 10.3 Dodging
 + Level 0.8 Stealth


You had 7 spell levels left.
You didn't know any spells.

Dungeon Overview and Level Annotations

Branches:
Dungeon (1/1)

Altars:
Cheibriados
Dithmenos
Elyvilon
Fedhas
Gozag
Kikubaaqudgha
Makhleb
Nemelex Xobeh
Okawaru
Pakellas
Qazlal
Ru
Sif Muna
Trog
Vehumet
Xom
Yredelemnul
Zin
The Shining One
Beogh
Jiyva
Lugonu

Shops:
D ![:=[!%![?%:}=[(

Annotations:
D exclusion: oklob plant, Roxanne


Innate Abilities, Weirdness & Mutations

You can breathe bolts of dispelling energy.
Your rich purple scales are hard (AC +6).
Your body does not fit into most forms of armour.
You are cold-blooded and may be slowed by cold attacks.
Your large and strong wings let you fly indefinitely.
You tend to lose your temper in combat.
Scrolls take you a little longer to read.
You are somewhat resistant to further mutation.


Message History

There is an open door, spattered with blood here.
You see here a polar bear corpse.
You hit the yaktaur.
The yaktaur is lightly wounded.
The wasp stings you.
You feel yourself slow down. The polar bear completely misses you.
The polar bear claws you.
The polar bear claws you but does no damage.
The yaktaur unwields an uncursed arbalest.
The yaktaur hits you. The wasp barely misses you.
You hit the yaktaur.
The yaktaur is lightly wounded.
You feel yourself speed up.
You are no longer berserk.
You are exhausted.
You feel yourself slow down. The wasp closely misses you.
The polar bear bites you!
The polar bear claws you but does no damage.
The polar bear claws you. The yaktaur hits you!
* * * LOW HITPOINT WARNING * * *
The wasp completely misses you. The polar bear bites you!
You die...

#.###.#### +.### .#..#
...# ...# .#.####..##
#..# .# #†###.##..# +..#
.# $ #.##...#..# #..# .#
[? .<.'.##+..####..##.#
!![
#.##...#....###...##▓▓▓▓
#+###.##....§.≈yc≈≈≈≈≈≈≈
.#$ ###≈≈.....≈#@#######
B B.#≈≈§≈≈≈§..≈#(h._._..
. .##≈§≈≈§≈§§.≈#.._._._.
#+##≈≈§≈§§≈≈≈≈≈#._._._..
≈≈≈≈≈≈≈≈≈§≈§§≈§#_._._._.
+#+++#§§≈§§≈§§§#._._._..
≈§§§ ##≈≈§###§≈#_._._...
≈§≈§§§##§≈# #≈§#._._....
§8≈≈§≈§+≈≈# #§≈#_._.....


You could see a polar bear, a yaktaur and a wasp.

Vanquished Creatures
  2 polar bears (D)
  Menkaure (D)
  4 necrophages (D)
  A hell rat (D)
  4 worker ants (D)
  3 worms (D)
15 creatures vanquished.

Vanquished Creatures (others)
  A crocodile (D)
1 creature vanquished.

Grand Total: 16 creatures vanquished

Notes
Turn   | Place    | Note
--------------------------------------------------------------
     0 | D        | Kagutsuchi the Draconian Berserker began the quest for the Orb.
     0 | D        | Reached XP level 1. HP: 19/19 MP: 1/1
     1 | D        | Noticed a necrophage
     1 | D        | Noticed a necrophage
     1 | D        | Noticed a necrophage
     1 | D        | Noticed a necrophage
     6 | D        | Killed a necrophage
     6 | D        | Reached skill level 6 in Fighting
     6 | D        | Reached skill level 5 in Long Blades
     6 | D        | Reached skill level 5 in Dodging
     6 | D        | Reached XP level 2. HP: 30/30 MP: 2/2
     6 | D        | Reached XP level 3. HP: 37/37 MP: 3/3
     6 | D        | Reached XP level 4. HP: 44/44 MP: 4/4
     9 | D        | Killed a necrophage
     9 | D        | Reached skill level 7 in Fighting
     9 | D        | Reached XP level 5. HP: 52/52 MP: 5/5
    15 | D        | Killed a necrophage
    15 | D        | Reached skill level 8 in Fighting
    15 | D        | Reached XP level 6. HP: 60/60 MP: 6/6
    17 | D        | Reached skill level 9 in Fighting
   181 | D        | Reached ** piety under Trog
   210 | D        | Noticed a boulder beetle
   210 | D        | Noticed a boulder beetle
   221 | D        | Reached *** piety under Trog
   221 | D        | Reached skill level 10 in Fighting
   262 | D        | Found Mutuph's Antique Weapon Shop.
   262 | D        | Found Paeqacha's Antique Armour Boutique.
   262 | D        | Found Hien's Book Shop.
   262 | D        | Found Emasas's Gadget Shop.
   262 | D        | Found Ycsot's Magic Scroll Boutique.
   262 | D        | Found Hireyd Jeutz's Food Boutique.
   262 | D        | Found Becaxtua's Armour Shop.
   263 | D        | Found Dereyt's Distillery.
   264 | D        | Found Quuklup's Food Shop.
   264 | D        | Found Fyota's Distillery.
   264 | D        | Noticed a hippogriff
   265 | D        | Found Kaapuck's Jewellery Boutique.
   265 | D        | Noticed a hippogriff
   266 | D        | Found Misethric's Armour Shop.
   266 | D        | Found Orub's Jewellery Boutique.
   266 | D        | Noticed Menkaure
   266 | D        | Noticed a hippogriff
   266 | D        | Noticed an oklob plant
   267 | D        | Noticed a yak
   267 | D        | Found Acvuotan's Antique Armour Shop.
   267 | D        | Found Ysaceoll's Distillery.
   267 | D        | Found Abannile's Book Shoppe.
   268 | D        | Noticed a yak
   269 | D        | Bought a glowing morningstar for 104 gold pieces
   270 | D        | Noticed a yak
   274 | D        | Noticed a polar bear
   277 | D        | Noticed a polar bear
   280 | D        | Bought a potion of curing for 30 gold pieces
   280 | D        | Bought a potion of curing for 30 gold pieces
   280 | D        | Bought a potion of heal wounds for 50 gold pieces
   280 | D        | Bought a potion of mutation for 25 gold pieces
   284 | D        | Bought a potion of mutation for 32 gold pieces
   293 | D        | Killed Menkaure
   293 | D        | Your scales start taking on a rich purple colour.
   293 | D        | Reached XP level 7. HP: 39/73 MP: 7/7
   301 | D        | Bought a potion of heal wounds for 60 gold pieces
   301 | D        | Bought 2 potions of heal wounds for 120 gold pieces
   301 | D        | Gained mutation: Scrolls take you a little longer to read. [potion of mutation]
   301 | D        | Gained mutation: You tend to lose your temper in combat. [potion of mutation]
   301 | D        | Gained mutation: You are somewhat resistant to further mutation. [potion of mutation]
   302 | D        | Gained mutation: Your large and strong wings let you fly indefinitely. [potion of mutation]
   548 | D        | Bought a beef jerky for 21 gold pieces
   548 | D        | Bought a meat ration for 70 gold pieces
   548 | D        | Bought a beef jerky for 21 gold pieces
   549 | D        | Bought a bread ration for 70 gold pieces
   549 | D        | Bought a slice of pizza for 21 gold pieces
   549 | D        | Bought a meat ration for 70 gold pieces
   582 | D        | Noticed Roxanne
   592 | D        | Found a deep blue altar of Sif Muna.
   592 | D        | Found an ancient bone altar of Kikubaaqudgha.
   593 | D        | Found an iron altar of Okawaru.
   593 | D        | Found a sacrificial altar of Ru.
   594 | D        | Found a burning altar of Makhleb.
   594 | D        | Found a viscous altar of Jiyva.
   594 | D        | Found an opulent altar of Gozag.
   595 | D        | Found a blossoming altar of Fedhas.
   595 | D        | Found an oddly glowing altar of Pakellas.
   595 | D        | Found a sparkling altar of Nemelex Xobeh.
   596 | D        | Found a shimmering altar of Xom.
   596 | D        | Found a shadowy altar of Dithmenos.
   596 | D        | Found a glowing silver altar of Zin.
   596 | D        | Found a corrupted altar of Lugonu.
   596 | D        | Found a snail-covered altar of Cheibriados.
   597 | D        | Found a roughly hewn altar of Beogh.
   597 | D        | Found a stormy altar of Qazlal.
   597 | D        | Found a bloodstained altar of Trog.
   599 | D        | Found a basalt altar of Yredelemnul.
   599 | D        | Found a glowing golden altar of the Shining One.
   600 | D        | Noticed a polar bear
   601 | D        | Noticed a polar bear
   603 | D        | Noticed a polar bear
   603 | D        | Found a white marble altar of Elyvilon.
   603 | D        | Found a radiant altar of Vehumet.
   604 | D        | Noticed a yaktaur
   615 | D        | Killed a polar bear
   615 | D        | Reached **** piety under Trog
   615 | D        | Reached skill level 11 in Fighting
   624 | D        | Killed a polar bear
   624 | D        | Reached skill level 1 in Maces & Flails
   624 | D        | Reached skill level 10 in Dodging
   624 | D        | Reached XP level 8. HP: 82/82 MP: 8/8
   627 | D        | Slain by a polar bear

Skill      XL: |  1  2  3  4  5  6  7 |
---------------+----------------------+-----
Fighting       | 6 7 8 10 11 | 11.3
Long Blades    | 5 6 7 9 |  9.9
Dodging        | 5 6 7 8 10 | 10.3
Maces & Flails | 1 |  1.1
Stealth        | |  0.8

Action                   |  1- 3 |  4- 6 |  7- 9 || total
-------------------------+-------+-------+-------++-------
Melee: Falchion          |     4 |    33 |       ||    37
       Tailslap          |       |     5 |     4 ||     9
       Morningstar       |       |     4 |    21 ||    25
Invok: Berserk           |     1 |     2 |     1 ||     4
 Abil: Breathe Dispellin |       |       |     1 ||     1
  Use: Potion            |       |     1 |     5 ||     6
  Eat: Bread ration      |       |     1 |       ||     1
       Beef jerky        |       |       |     1 ||     1
Armor: Skin              |       |       |    27 ||    27
Dodge: Dodged            |       |    16 |    81 ||    97
